 Dungeon Crawl Stone Soup version 0.17.1-1-g73c8601 (webtiles) character file.

324521 Peloso the Minotaur Blade (level 20, -3/189 HPs)
             Began as a Minotaur Fighter on Dec 12, 2015.
             Was the Champion of Okawaru.
             Slain by a bone dragon (17 damage)
             ... on level 5 of the Abyss.
             The game lasted 03:03:04 (37692 turns).

Peloso the Minotaur Blade (Minotaur Fighter)       Turns: 37692, Time: 03:03:04

Health: -3/189     AC: 29    Str: 36    XL:     20   Next: 33%
Magic:  28/28      EV: 24    Int:  8    God:    Okawaru [******]
Gold:   4538       SH: 19    Dex: 30    Spells: 0 memorised, 19 levels left

rFire  + + +     SeeInvis .     D - +9 Sword of Zonguldrok {reap, *Curse} (curse)
rCold  . . .     Clarity  .     B - +5 chain mail of Cheibriados's Pride {Regen+ MP+9 Slay+6 Stlth-}
rNeg   + + .     SustAt   .     M - -1 shield "Elyekk" {rPois rF- Dex+6 Stlth+}
rPois  +         Gourm    .     S - +2 hat {MR+}
rElec  +         Spirit   .     H - +0 cloak of the Fiend {rF+ Str+5}
rCorr  .         Warding  .     G - +2 pair of gloves {Dex+3}
rMut   +         Stasis   .     R - +2 pair of boots {run}
MR     ++...                    s - amulet of resist mutation
Stlth  ..........               u - ring "Ifuliott" {rN+ Str+4 Int+3}
                                E - ring "Guezetopn" {*Contam rElec rF+++ rN+ Dex+6}

@: very slightly contaminated, non-regenerating, mildly diseased, quick, very
resistant to hostile enchantments, extremely unstealthy
A: retaliatory headbutt, horns 2, agile 1
a: Heroism, Finesse, Renounce Religion
}: 3/15 runes: decaying, abyssal, gossamer


You were on level 5 of the Abyss.
You worshipped Okawaru.
Okawaru was exalted by your worship.
You were not hungry.

You visited 7 branches of the dungeon, and saw 39 of its levels.
You visited the Abyss 2 times.
You also visited: Labyrinth, Ice Cave, Volcano and Wizlab.

You collected 4747 gold pieces.
You spent 209 gold pieces at shops.

Inventory:

Hand Weapons
 c - a +0 demon blade of freezing
 D - the cursed +9 Sword of Zonguldrok (weapon) {reap, *Curse}
   (You found it in a wizard's laboratory)

   If a monster killed with it leaves a corpse in good enough shape, the corpse
   will be animated as a zombie friendly to the killer.
   It may re-curse itself when equipped.
   It has a curse placed upon it.
 V - a +5 scimitar of flaming
Armour
 B - the +5 chain mail of Cheibriados's Pride (worn) {Regen+ MP+9 Slay+6 Stlth-}
   (You found it on level 4 of the Dungeon)

   It affects your accuracy and damage with ranged weapons and melee attacks
   (+6).
   It affects your magic capacity (+9).
   It increases your rate of regeneration.
   It makes you less stealthy.
 G - a +2 pair of gloves of dexterity (worn)
 H - the +0 cloak of the Fiend (worn) {rF+ Str+5}
   (Okawaru gifted it to you in an ice cave)

   It affects your strength (+5).
   It protects you from fire.
 M - the -1 shield "Elyekk" (worn) {rPois rF- Dex+6 Stlth+}
   (You bought it in a shop on level 6 of the Dungeon)

   It affects your dexterity (+6).
   It makes you vulnerable to fire.
   It protects you from poison.
   It makes you more stealthy.
 R - a +2 pair of boots of running (worn)
 S - a +2 hat of magic resistance (worn)
 W - a +1 large shield of fire resistance
Rods
 v - a -3 rod of shadows (11/11)
   (You found it on level 2 of the Elven Halls)
Jewellery
 n - an uncursed ring of see invisible
 o - an uncursed ring of protection from cold
 r - an uncursed ring of protection from magic
 s - an amulet of resist mutation (around neck)
 u - the ring "Ifuliott" (right hand) {rN+ Str+4 Int+3}
   (You found it in a labyrinth)

   [ring of strength]

   It affects your strength (+4).
   It affects your intelligence (+3).
   It protects you from negative energy.
 y - an uncursed ring of protection from fire
 E - the ring "Guezetopn" (left hand) {*Contam rElec rF+++ rN+ Dex+6}
   (You found it on level 4 of the Swamp)

   [ring of dexterity]

   It affects your dexterity (+6).
   It renders you almost immune to fire.
   It insulates you from electricity.
   It protects you from negative energy.
   It causes magical contamination when unequipped.
 I - an uncursed amulet of stasis {unknown}
Wands
 b - a wand of paralysis (5)
 k - a wand of random effects (30)
 O - a wand of teleportation (4)
 Z - a wand of digging (10)
Scrolls
 a - 2 scrolls of summoning
 d - 9 scrolls of teleportation
 f - a scroll of blinking
 i - 10 scrolls of remove curse
 j - 4 scrolls of fear
 p - a scroll of recharging
 q - 5 scrolls of enchant weapon
 x - 4 scrolls of enchant armour
 K - 16 scrolls of identify
 Q - a scroll of magic mapping
Potions
 l - 5 potions of haste
 m - 13 potions of curing
 F - 3 potions of resistance
 N - 7 potions of flight
 U - a potion of cancellation
 X - 7 potions of might
 Y - a potion of invisibility
Books
 t - a Grand Grimoire

   Spells                             Type                      Level
   a - Monstrous Menagerie            Summoning                    6
   b - Summon Greater Demon           Summoning                    7
   c - Malign Gateway                 Summoning/Translocation      7
   d - Summon Horrible Things         Summoning                    8
 w - a book of Dreams

   Spells                             Type                      Level
   a - Ensorcelled Hibernation        Hexes/Ice                    2
   b - Phase Shift                    Translocation                5
   c - Shadow Creatures               Summoning                    5
   d - Silence                        Hexes/Air                    5
   e - Darkness                       Hexes                        6
   f - Mass Confusion                 Hexes                        6
 C - a book of Death

   Spells                             Type                      Level
   a - Corpse Rot                     Necromancy                   2
   b - Sublimation of Blood           Necromancy                   2
   c - Agony                          Necromancy                   5
   d - Dispel Undead                  Necromancy                   5
   e - Excruciating Wounds            Charms/Necromancy            5
   f - Bolt of Draining               Conjuration/Necromancy       5
Comestibles
 e - 21 bread rations
 h - 55 fruits
 z - 20 meat rations
 A - 2 royal jellies


   Skills:
 + Level 18.8 Fighting
 + Level 22.8 Long Blades
   Level 0.8 Polearms
 + Level 15.4 Armour
 + Level 13.1 Dodging
 + Level 2.3 Stealth
 + Level 22.0 Shields
 + Level 0.2 Invocations
 + Level 0.8 Evocations


You had 19 spell levels left.
You didn't know any spells.

Dungeon Overview and Level Annotations

Branches:
Dungeon (15/15)            Temple (1/1) D:5            Lair (8/8) D:9
  Swamp (4/4) Lair:5       Spider (4/4) Lair:5        Slime (0/6) Lair:6
    Orc (4/4) D:11            Elf (3/3) Orc:3        Vaults (0/5) D:13
 Depths (0/5) D:15

Altars:
Cheibriados
Elyvilon
Fedhas
Gozag
Kikubaaqudgha
Makhleb
Nemelex Xobeh
Okawaru
Qazlal
Ru
Sif Muna
Trog
Vehumet
Xom
Yredelemnul
Zin
The Shining One
Beogh
Jiyva

Shops:
D:6 [   D:7 *   Orc:1 (   Orc:4 :?[**   Elf:1 [

Portals:
Hell: Lair:8
Pandemonium: Orc:4


Innate Abilities, Weirdness & Mutations

You reflexively headbutt those who attack you in melee.
You have a pair of horns on your head.
You are agile. (Dex +2)


Message History

The bone dragon bites you but does no damage.
The bone dragon completely misses you. You block the bone dragon's attack.
Unknown command.
You slice the bone dragon!!
You headbutt the bone dragon, but do no damage.
The bone dragon is heavily damaged.
Unknown command.
You chop the bone dragon into pieces!!! You headbutt the bone dragon!
The bone dragon is severely damaged.
The bone dragon bites you but does no damage.
The bone dragon claws you.
* * * LOW HITPOINT WARNING * * *
The bone dragon completely misses you. A chorus of shrieks assaults your mind.
* * * LOW HITPOINT WARNING * * *
You cut the bone dragon into ribbons!!!
The bone dragon is almost destroyed.
You hear a horrible gurgling sound! x2
The bone dragon bites you!
You die...

## #. # .
# . .# #
#.#.# .
###..# .
. #..###
# #@#.
..# #
##DhX..##
# .# .
#X.##..#
# #
##.#X# #
# ..#.##
. #.
.#..##
###..#..
# # ## #
..#####
.# #.##
X. ..#'##
.


You could see a bone dragon, 3 starcursed masses and a raiju.

Vanquished Creatures
  An ancient lich (WizLab)
  Saint Roka (Elf:3)
  2 bone dragons (Abyss:5)
  2 deep elf blademasters (Elf:3)
  2 deep elf master archers (Elf:3)
  An Executioner (Abyss:5)
  2 tentacled starspawn
  3 thorn hunters (Swamp:4)
  Gastronok (Orc:1)
  The ghost of bezhaha the Acrobat, an adept MfGl of Makhleb (IceCv)
  An ancient champion (WizLab)
  The ghost of Musteatbrain the Warrior, an adept GrFi of Qazlal (Elf:3)
  4 deep elf sorcerers (Elf:3)
  5 ghost moths
  7 emperor scorpions
  A reaper (Abyss:5)
  3 very ugly things
  Nessos (Lair:8)
  2 deep elf demonologists
  A deep elf annihilator (Elf:3)
  A dire elephant (Abyss:5)
  3 deep elf death magi
  A white draconian (IceCv)
  A minotaur (Lab)
  3 jiangshi (Abyss:5)
  30 hydras
  2 ice dragons (D:15)
  6 entropy weavers
  3 rakshasas (Abyss:5)
  Erica (D:10)
  A satyr (Abyss:5)
  6 death yaks (Lair:5)
  6 small abominations
  A queen ant (Spider:4)
  15 dancing weapons (Elf:2)
  4 alligators
  2 ghost crabs
  2 tengu warriors
  A titan zombie (Abyss:5)
  6 orc high priests
  14 thrashing horrors
  3 sun demons
  16 large abominations
  Sonja (Orc:2)
  6 skeletal warriors (WizLab)
  A soul eater (Abyss:3)
  4 wretched stars (Abyss:5)
  17 deep elf knights
  A fire crab (Volcano)
  4 spatial maelstroms
  2 unseen horrors (D:13)
  A spriggan druid (Swamp:4)
  An infernal demonspawn (Orc:4)
  2 giant orange brains
  2 shambling mangroves
  A flayed ghost (Abyss:5)
  A putrid demonspawn (Orc:4)
  15 swamp dragons
  11 deep elf summoners
  Pikel (D:5)
  13 hornets
  2 shadow demons (Elf:2)
  6 hill giants
  2 oklob plants (Spider:2)
  15 ugly things
  2 necromancers
  A wizard (Lair:8)
  The ghost of devsta the Cudgeler, a novice HuBe of Trog (D:5)
  18 orb spiders
  6 deep elf conjurers
  4 orc knights (Orc:4)
  2 griffons
  9 orc sorcerers
  2 cyclopes (D:13)
  2 sixfirhies
  2 water nymphs (Abyss:5)
  24 wolf spiders
  2 moths of wrath
  5 smoke demons
  2 apocalypse crabs (Abyss:5)
  Joseph (Lair:1)
  An elephant (Lair:5)
  An ice statue (IceCv)
  2 kobold demonologists (Elf:2)
  21 spiny frogs
  4 black mambas
  3 gargoyles
  5 orange demons
  11 demonic crawlers
  14 deep elf priests
  7 ancient zymes
  6 komodo dragons
  A yaktaur (D:15)
  2 hellwings (Abyss:5)
  3 red devils
  6 fire drakes
  A silent spectre (Abyss:5)
  4 blue devils
  8 trolls
  17 polar bears
  11 raiju (Abyss:5)
  2 two-headed ogres
  3 boulder beetles
  34 jumping spiders
  16 blink frogs
  12 giant leeches
  3 bog bodies (Swamp:4)
  24 slime creatures
  5 flying skulls (Abyss:5)
  An air elemental (Abyss:5)
  52 redbacks
  5 spriggans
  8 starcursed masses (Abyss:5)
  26 trapdoor spiders
  A wyvern (D:11)
  A dire elephant simulacrum (Abyss:3)
  A ynoxinul (Abyss:5)
  4 vampires
  A shadow (Swamp:3)
  The ghost of MirrMurr the Covert, an amateur SpEn (D:4)
  2 water elementals (Abyss:5)
  23 deep elf magi
  2 hill giant zombies (WizLab)
  A hungry ghost (D:15)
  12 fire bats (Volcano)
  2 neqoxecs (Abyss:5)
  63 yaks
  25 tarantellas
  4 chaos spawn
  A basilisk (shapeshifter) (Elf:2)
  28 deep elf fighters
  3 basilisks
  11 hippogriffs
  Menkaure (D:4)
  30 wolves
  14 insubstantial wisps
  A mottled dragon (Volcano)
  18 vampire mosquitoes
  17 swamp worms
  A spatial vortex (Abyss:4)
  19 water moccasins
  31 orc warriors
  26 soldier ants
  31 spiders
  4 hell hounds
  A trapdoor spider simulacrum (D:10)
  2 wargs
  3 slaves
  13 wasps
  2 black bears
  12 swamp drakes
  13 ice beasts
  4 sky beasts
  10 porcupines
  A necrophage (D:4)
  12 ogres
  10 crocodiles
  2 phantoms
  2 boggarts (Elf:2)
  13 centaurs
  5 big kobolds
  An elf zombie (Elf:1)
  An earth elemental (Abyss:5)
  23 giant frogs
  A gnoll sergeant (D:8)
  5 scorpions
  13 wights
  A snapping turtle simulacrum (Abyss:4)
  9 troll zombies (WizLab)
  9 killer bees
  8 crimson imps
  2 centaur zombies
  4 electric eels
  6 hounds
  4 quasits
  23 orc priests
  7 jellies
  14 iguanas
  20 orc wizards
  2 giant frog skeletons
  Terence (D:2)
  4 centaur skeletons
  4 hell rats (Lair:8)
  31 worker ants
  12 sheep (Lair:1)
  5 ogre zombies (WizLab)
  A killer bee zombie (D:5)
  3 giant frog simulacra (D:10)
  A hound skeleton (D:9)
  17 gnolls
  75 river rats
  A shadow imp (D:9)
  10 adders
  4 white imps (D:10)
  3 ufetubi
  3 oozes
  6 worms
  An adder skeleton (D:6)
  An adder zombie (D:7)
  118 orcs
  11 bats
  8 goblins
  5 hobgoblins
  30 kobolds
  A ball python (D:4)
  6 giant cockroaches
  2 giant geckos
  A giant gecko skeleton (D:4)
  3 giant newts
  4 quokkas
  7 rats
  4 briar patches (Swamp:4)
  A butterfly (Lair:8)
  A fungus (Lair:6)
  A plant (Lair:1)
1704 creatures vanquished.

Vanquished Creatures (collateral kills)
  A very ugly thing (Abyss:5)
  A deep elf mage (Elf:3)
2 creatures vanquished.

Vanquished Creatures (others)
  The ghost of Mandevil the Thaumaturge, a journeyman VSCj of Vehumet (Lair:8)
  Fannar (D:12)
  A wolf spider (Spider:2)
  A hellwing (Abyss:5)
  2 jumping spiders (Spider:4)
  A trapdoor spider (Spider:2)
  2 redbacks (Spider:4)
  A deep elf fighter (Elf:3)
  A wolf (IceCv)
  A worker ant (D:5)
  A white imp (D:10)
  2 orcs
  A briar patch (Swamp:4)
  4 fungi (Lair:8)
  A lurking horror (Abyss:5)
  3 plants (Lair:8)
  6 starspawn tentacles
  3 starspawn tentacle segments (Abyss:3)
33 creatures vanquished.

Grand Total: 1739 creatures vanquished

Notes
Turn   | Place    | Note
--------------------------------------------------------------
     0 | D:1      | Peloso the Minotaur Fighter began the quest for the Orb.
     0 | D:1      | Reached XP level 1. HP: 19/19 MP: 0/0
   151 | D:1      | Reached XP level 2. HP: 25/27 MP: 1/1
   447 | D:1      | Reached skill level 4 in Shields
   799 | D:2      | Reached XP level 3. HP: 14/33 MP: 2/2
   872 | D:2      | Reached skill level 1 in Dodging
   880 | D:2      | Reached XP level 4. HP: 25/40 MP: 3/3
  1078 | D:2      | Noticed Terence
  1088 | D:2      | Killed Terence
  1126 | D:2      | Found an ancient bone altar of Kikubaaqudgha.
  1304 | D:2      | Reached skill level 5 in Shields
  1459 | D:2      | Found a glowing silver altar of Zin.
  1570 | D:2      | Reached XP level 5. HP: 46/46 MP: 4/4
  2263 | D:4      | Noticed a phantom
  2294 | D:4      | Killed a phantom
  2294 | D:4      | Reached XP level 6. HP: 48/53 MP: 5/5
  2422 | D:4      | Reached skill level 5 in Armour
  2514 | D:4      | Noticed MirrMurr's ghost (amateur SpEn)
  2546 | D:4      | Killed MirrMurr's ghost
  2546 | D:4      | Reached skill level 6 in Shields
  2555 | D:4      | Got a pitted chain mail
  2566 | D:4      | Identified the +5 chain mail of Cheibriados's Pride {Regen+ MP+9 Slay+6 Stlth-} (You found it on level 4 of the Dungeon)
  2648 | D:4      | Reached skill level 5 in Fighting
  2648 | D:4      | Reached XP level 7. HP: 59/61 MP: 6/6
  2671 | D:4      | Found a blossoming altar of Fedhas.
  2673 | D:4      | Noticed a necrophage
  2678 | D:4      | Killed a necrophage
  2737 | D:4      | Noticed a black bear
  2743 | D:4      | Killed a black bear
  2791 | D:4      | Noticed Menkaure
  2797 | D:4      | Killed Menkaure
  2797 | D:4      | Reached skill level 5 in Long Blades
  3072 | D:5      | Entered Level 5 of the Dungeon
  3127 | D:5      | Reached XP level 8. HP: 41/69 MP: 7/7
  3139 | D:5      | Reached skill level 7 in Shields
  3148 | D:5      | Noticed devsta's ghost (novice HuBe)
  3275 | D:5      | Got a slimy spear
  3276 | D:5      | Identified the +8 spear "Minotaur's Bane" {drain, Int+3} (You found it on level 5 of the Dungeon)
  3300 | D:5      | Found a staircase to the Ecumenical Temple.
  3310 | Temple   | Entered the Ecumenical Temple
  3510 | D:5      | Found a bloodstained altar of Trog.
  3664 | D:5      | Noticed Pikel
  3674 | D:5      | Killed Pikel
  3674 | D:5      | Reached skill level 8 in Shields
  3806 | D:5      | Killed devsta's ghost
  3806 | D:5      | Reached skill level 5 in Dodging
  3806 | D:5      | Reached XP level 9. HP: 45/78 MP: 8/8
  3884 | D:5      | Found an iron altar of Okawaru.
  3892 | D:5      | Became a worshipper of Warmaster Okawaru
  4558 | D:6      | Found Miuhu's Antique Armour Shoppe.
  4578 | D:6      | Bought a steaming shield for 209 gold pieces
  4588 | D:6      | Identified the cursed -1 shield "Elyekk" {rPois rF- Dex+6 Stlth+} (You bought it in a shop on level 6 of the Dungeon)
  4912 | D:7      | Noticed a gargoyle
  4919 | D:6      | Reached * piety under Okawaru
  4927 | D:7      | Reached skill level 9 in Shields
  4934 | D:7      | Killed a gargoyle
  5010 | D:7      | Found a burning altar of Makhleb.
  5106 | D:7      | Found an opulent altar of Gozag.
  5107 | D:7      | Found Gozag's Platinum Reserve.
  5196 | D:7      | Reached skill level 1 in Stealth
  5389 | D:7      | Found a sacrificial altar of Ru.
  5518 | D:8      | Reached XP level 10. HP: 88/88 MP: 9/9
  5561 | D:8      | Reached ** piety under Okawaru
  5808 | D:8      | Found a sparkling altar of Nemelex Xobeh.
  6571 | D:9      | Reached skill level 10 in Shields
  6654 | D:9      | Found a stormy altar of Qazlal.
  7207 | D:9      | Found a staircase to the Lair.
  7355 | D:10     | Entered Level 10 of the Dungeon
  7355 | D:10     | Noticed Erica
  7364 | D:10     | Killed Erica
  7364 | D:10     | Reached *** piety under Okawaru
  7443 | D:10     | Reached skill level 10 in Long Blades
  7455 | D:10     | Reached skill level 11 in Shields
  7604 | D:10     | Noticed a hill giant
  7608 | D:10     | Killed a hill giant
  7608 | D:10     | Reached **** piety under Okawaru
  7635 | D:10     | Reached XP level 11. HP: 95/97 MP: 10/10
  8373 | D:11     | Reached ***** piety under Okawaru
  8394 | D:11     | Reached skill level 10 in Armour
  8528 | D:11     | Found a staircase to the Orcish Mines.
  8559 | D:11     | Noticed a hill giant
  8568 | D:11     | Killed a hill giant
  8571 | D:11     | Reached skill level 10 in Fighting
  8642 | D:11     | Reached skill level 12 in Shields
  8666 | D:11     | Noticed a hill giant
  8671 | D:11     | Killed a hill giant
  8756 | D:11     | Received a gift from Okawaru
  8759 | D:11     | Got a smoking demon blade {god gift}
  8760 | D:11     | Identified the +1 demon blade of Litaxtim {drain, rPois rF+ Dex-5 Stlth+} (Okawaru gifted it to you on level 11 of the Dungeon)
  9130 | D:12     | Noticed Fannar
  9152 | D:12     | Killed Fannar
  9152 | D:12     | Reached XP level 12. HP: 32/108 MP: 11/11
  9358 | D:12     | Noticed a hill giant
  9363 | D:12     | Killed a hill giant
  9559 | D:12     | Noticed a four-headed hydra
  9566 | D:12     | Killed a one-headed hydra
  9823 | D:13     | Found a labyrinth entrance.
  9834 | Lab      | Entered a labyrinth
 10329 | Lab      | Noticed a minotaur
 10336 | Lab      | Killed a minotaur
 10336 | Lab      | Received a gift from Okawaru
 10344 | Lab      | Got a smoking bronze ring
 10348 | Lab      | Identified the ring "Ifuliott" {rN+ Str+4 Int+3} (You found it in a labyrinth)
 10389 | D:13     | Reached skill level 13 in Long Blades
 10412 | D:13     | Gained mutation: You are agile. (Dex +2) [potion of beneficial mutation]
 10502 | D:13     | Reached ****** piety under Okawaru
 10502 | D:13     | Received a gift from Okawaru
 10505 | D:13     | Got a translucent dagger {god gift}
 10506 | D:13     | Identified the +1 dagger of True Grit {flame, *Drain +Rage Str+6 Stlth+} (Okawaru gifted it to you on level 13 of the Dungeon)
 10541 | D:13     | Noticed a seven-headed hydra
 10546 | D:13     | Killed a five-headed hydra
 10778 | D:13     | Noticed a five-headed hydra
 10782 | D:13     | Killed a two-headed hydra
 10904 | D:13     | Noticed an unseen horror
 10909 | D:13     | Killed an unseen horror
 10910 | D:13     | Received a gift from Okawaru
 11016 | D:13     | Found a gate to the Vaults.
 11218 | D:13     | Reached skill level 14 in Long Blades
 11218 | D:13     | Reached XP level 13. HP: 111/117 MP: 12/12
 11347 | D:14     | Received a gift from Okawaru
 11797 | D:14     | Identified a scroll of acquirement
 11801 | D:14     | Got a bloodstained pearl dragon armour
 11812 | D:14     | Identified the +1 pearl dragon armour of Somewhere Else {rN+ rCorr} (You acquired it on level 14 of the Dungeon)
 12253 | D:15     | Entered Level 15 of the Dungeon
 12602 | D:15     | Received a gift from Okawaru
 12630 | D:15     | Found a staircase to the Depths.
 13096 | D:15     | Reached skill level 15 in Long Blades
 13294 | Orc:1    | Entered Level 1 of the Orcish Mines
 13352 | Orc:1    | You fall through a shaft!
 13421 | Orc:2    | Noticed Sonja
 13426 | Orc:2    | Found a frozen archway.
 13449 | Orc:2    | Killed Sonja
 13485 | IceCv    | Entered an ice cave
 13528 | IceCv    | Noticed bezhaha's ghost (adept MfGl)
 13552 | IceCv    | Reached XP level 14. HP: 25/129 MP: 13/13
 13562 | IceCv    | Killed bezhaha's ghost
 13562 | IceCv    | Received a gift from Okawaru
 13675 | IceCv    | Got a bloodstained cloak {god gift}
 13684 | IceCv    | Identified the +0 cloak of the Fiend {rF+ Str+5} (Okawaru gifted it to you in an ice cave)
 13796 | IceCv    | Got a scorched ice dragon armour
 13807 | IceCv    | Identified the cursed +0 ice dragon armour of the Land of Plenty {*Confuse rF- rC++ Int+5} (You found it in an ice cave)
 13830 | IceCv    | Reached skill level 15 in Shields
 14221 | IceCv    | Noticed a white draconian
 14241 | IceCv    | Killed a white draconian
 14851 | Orc:3    | Found a staircase to the Elven Halls.
 14985 | Orc:4    | Entered Level 4 of the Orcish Mines
 15188 | Orc:4    | Found Ankeereq's Assorted Antiques.
 15314 | Orc:4    | Found a roughly hewn altar of Beogh.
 15475 | Orc:4    | Found Apebbiory's Magic Scroll Shop.
 15481 | Orc:4    | Found Liusiah's General Store.
 15539 | Orc:4    | Reached skill level 16 in Long Blades
 15770 | Orc:4    | Paralysed by an orc sorcerer for 3 turns
 15783 | Orc:4    | Received a gift from Okawaru
 15827 | Orc:4    | Paralysed by an orc sorcerer for 6 turns
 15951 | Orc:4    | Found Umuqik's Book Emporium.
 15951 | Orc:4    | Found Vowkerchuh's Antique Armour Shoppe.
 15951 | Orc:4    | Found a one-way gate leading to the halls of Pandemonium.
 16185 | Orc:1    | Found Ruastoa's Antique Weapon Shop.
 16223 | Orc:1    | Noticed Gastronok
 16234 | Orc:1    | Killed Gastronok
 16234 | Orc:1    | Received a gift from Okawaru
 17216 | Lair:1   | Entered Level 1 of the Lair of Beasts
 17277 | Lair:1   | Noticed Joseph
 17291 | Lair:1   | Killed Joseph
 19157 | Lair:3   | Reached XP level 15. HP: 130/138 MP: 14/14
 19816 | Lair:4   | Reached skill level 17 in Long Blades
 20516 | Lair:5   | Found a hole to the Spider Nest.
 20949 | Lair:5   | Received a gift from Okawaru
 20958 | Lair:5   | Got an iridescent long sword {god gift}
 20959 | Lair:5   | Identified the +2 long sword "Orhiur" {pain, rPois} (Okawaru gifted it to you on level 5 of the Lair of Beasts)
 21029 | Lair:5   | Found a staircase to the Swamp.
 21400 | Lair:6   | Got a smoking brass ring
 21402 | Lair:6   | Identified the ring of Giessy {rElec Int+4 Stlth+} (You found it on level 6 of the Lair of Beasts)
 21681 | Lair:6   | Found a runed door.
 21681 | Lair:6   | Found a viscous altar of Jiyva.
 21681 | Lair:6   | Found a staircase to the Slime Pits.
 22437 | Lair:8   | Entered Level 8 of the Lair of Beasts
 22556 | Lair:8   | Found a dark tunnel.
 22569 | Volcano  | Entered a volcano
 22576 | Volcano  | Received a gift from Okawaru
 22769 | Lair:8   | Noticed Mandevil's ghost (journeyman VSCj)
 22778 | Lair:8   | Killed Mandevil's ghost
 23191 | Lair:8   | Noticed Nessos
 23208 | Lair:8   | Killed Nessos
 23224 | Lair:8   | Found a burning altar of Makhleb.
 23237 | Lair:8   | Reached skill level 18 in Long Blades
 23439 | Lair:8   | Reached skill level 15 in Fighting
 23695 | Lair:8   | Found a gateway to Hell.
 23910 | Lair:5   | Reached skill level 10 in Dodging
 23942 | Lair:5   | Reached XP level 16. HP: 131/149 MP: 15/15
 23967 | Spider:1 | Entered Level 1 of the Spider Nest
 23978 | Spider:1 | Received a gift from Okawaru
 23982 | Spider:1 | Got a twisted double sword {god gift}
 23985 | Spider:1 | Identified the +4 double sword of the Skies Above {holy, Dex+4} (Okawaru gifted it to you on level 1 of the Spider Nest)
 24654 | Spider:2 | Got an ebony war axe
 24655 | Spider:2 | Identified the +6 war axe "Semogeom" {chop, rElec rPois rC+ rN++} (You found it on level 2 of the Spider Nest)
 24819 | Spider:2 | Received a gift from Okawaru
 24861 | Spider:2 | Identified a +1 pair of boots of running (Okawaru gifted it to you on level 2 of the Spider Nest)
 25460 | Spider:2 | HP: 4/150 [acid (15)]
 26153 | Spider:3 | Reached skill level 19 in Long Blades
 26676 | Spider:4 | Entered Level 4 of the Spider Nest
 26684 | Spider:4 | Received a gift from Okawaru
 26717 | Spider:4 | Got an ancient shield {god gift}
 26842 | Spider:4 | Identified the +5 shield "Hikabefumo" {Int+3} (Okawaru gifted it to you on level 4 of the Spider Nest)
 26907 | Spider:4 | Reached XP level 17. HP: 158/158 MP: 16/16
 27148 | Spider:4 | HP: 2/158 [disintegration (40)]
 27868 | Spider:4 | Got a gossamer rune of Zot
 27899 | Spider:4 | Received a gift from Okawaru
 29407 | Swamp:1  | Entered Level 1 of the Swamp
 30285 | Swamp:2  | Received a gift from Okawaru
 30358 | Swamp:2  | Reached skill level 20 in Long Blades
 31588 | Swamp:3  | Reached XP level 18. HP: 164/168 MP: 17/17
 31636 | Swamp:4  | Entered Level 4 of the Swamp
 32220 | Swamp:4  | Got a decaying rune of Zot
 32297 | Swamp:4  | Got a heavily runed granite ring
 32988 | Temple   | Identified the ring "Guezetopn" {*Contam rElec rF+++ rN+ Dex+6} (You found it on level 4 of the Swamp)
 33268 | Elf:1    | Entered Level 1 of the Elven Halls
 33714 | Elf:1    | Received a gift from Okawaru
 33721 | Elf:1    | Identified Cupheuci's Almanac of Evil Magic
 33807 | Elf:1    | Found Ykocebud's Armour Shop.
 34510 | Elf:2    | Found a deep blue altar of Sif Muna.
 34536 | Elf:2    | Reached skill level 21 in Long Blades
 34608 | Elf:2    | Cast into the Abyss (a deep elf demonologist)
 34661 | Elf:2    | Escaped the Abyss
 34921 | Elf:2    | Found a huge runed gate.
 34921 | Elf:2    | Found a huge runed gate.
 34922 | Elf:2    | Found a huge runed gate.
 35343 | Elf:2    | Reached XP level 19. HP: 170/178 MP: 18/18
 35440 | Elf:2    | Received a gift from Okawaru
 35496 | Elf:2    | Reached skill level 15 in Armour
 35597 | Elf:3    | Entered Level 3 of the Elven Halls
 35603 | Elf:3    | Noticed Saint Roka
 35623 | Elf:3    | Killed Saint Roka
 35672 | Elf:3    | Found a magical portal.
 35702 | WizLab   | Entered Zonguldrok's Shrine
 35878 | WizLab   | Noticed an antique lich
 35891 | WizLab   | Killed an antique lich
 36322 | Elf:3    | Noticed Musteatbrain's ghost (adept GrFi)
 36339 | Elf:3    | Killed Musteatbrain's ghost
 36615 | Elf:3    | Reached skill level 22 in Long Blades
 36628 | Elf:3    | Received a gift from Okawaru
 36668 | Elf:3    | Cast into the Abyss (a deep elf sorcerer)
 37000 | Abyss:4  | Found a corrupted altar of Lugonu.
 37035 | Abyss:5  | Entered Level 5 of the Abyss
 37036 | Abyss:5  | Found a corrupted altar of Lugonu.
 37143 | Abyss:5  | Got an abyssal rune of Zot
 37226 | Abyss:5  | Noticed a bone dragon
 37238 | Abyss:5  | Reached XP level 20. HP: 68/189 MP: 19/19
 37270 | Abyss:5  | Killed a bone dragon
 37323 | Abyss:5  | Found a corrupted altar of Lugonu.
 37692 | Abyss:5  | Slain by a bone dragon

Action                   |  1- 3 |  4- 6 |  7- 9 | 10-12 | 13-15 | 16-18 | 19-21 || total
-------------------------+-------+-------+-------+-------+-------+-------+-------++-------
Melee: Long sword        |    69 |   186 |   210 |   106 |       |       |       ||   571
       Spear             |       |       |    16 |       |       |       |       ||    16
       Scimitar          |       |       |       |   359 |  1243 |  1354 |   174 ||  3130
       Double sword      |       |       |       |       |       |    35 |   440 ||   475
Invok: Heroism           |       |       |       |       |       |     1 |     2 ||     3
Evoke: Wand              |       |       |       |       |     2 |     1 |       ||     3
  Use: Potion            |     1 |       |       |     1 |     2 |     1 |     3 ||     8
       Scroll            |       |     1 |     2 |    21 |    24 |    10 |     3 ||    61
 Stab: Distracted        |       |       |       |       |       |       |     1 ||     1
  Eat: Chunk             |       |     6 |     9 |    16 |    34 |    15 |     1 ||    81
       Beef jerky        |       |       |       |     2 |     2 |     3 |       ||     7
       Fruit             |       |       |       |       |     2 |       |       ||     2
       Pizza             |       |       |       |       |     1 |     4 |     1 ||     6
       Royal jelly       |       |       |       |       |       |     5 |     1 ||     6
       Meat ration       |       |       |       |       |       |       |     1 ||     1
